 Dungeon Crawl Stone Soup version 0.23.2-40-g277498a001 (webtiles) character file.

Game seed: 16845288991687330739

102 Kisielow the Insei (level 4, 32/32 HPs)
             Began as a Merfolk Transmuter on Apr 24, 2019.
             Got out of the dungeon alive.
             The game lasted 00:06:10 (2345 turns).

Kisielow the Insei (Merfolk Transmuter)             Turns: 2345, Time: 00:06:11

Health: 32/32      AC:  3    Str: 10    XL:     4   Next: 78%
Magic:  7/7        EV: 13    Int: 13    God:
Gold:   137        SH:  0    Dex: 14    Spells: 3/7 levels left

rFire    . . .     SeeInvis .     - Unarmed
rCold    . . .     Gourm    .   (no shield)
rNeg     . . .     Faith    .   b - +0 robe
rPois    +         Spirit   .   (no helmet)
rElec    .         Reflect  .   p - +0 cloak
rCorr    .         Harm     .   (no gloves)
MR       .....                  (no boots)
Stlth    +.........             (no amulet)
HPRegen  0.10/turn              e - ring of poison resistance
MPRegen  0.10/turn              (no ring)

@: no status effects
A: change form in water, swift swim, stealthy swim
a: no special abilities


You escaped.
You were not hungry.

You visited 1 branch of the dungeon, and saw 3 of its levels.

You collected 137 gold pieces.

Inventory:

Missiles
 a - 28 arrows
Armour
 b - a +0 robe (worn)
 p - a +0 cloak (worn)
Jewellery
 e - a ring of poison resistance (left hand)
Scrolls
 f - a scroll of magic mapping
 g - a scroll of remove curse
 h - 2 scrolls of identify
Potions
 c - a potion of haste
 l - a potion of curing
 q - a potion of flight
 r - a potion of resistance
Comestibles
 d - 7 rations


   Skills:
 - Level 1.1 Fighting
 - Level 2.6 Dodging
 - Level 5.0 Unarmed Combat
 - Level 2.0 Spellcasting
 + Level 4.5 Transmutations


You had 3 spell levels left.
You knew the following spells:

 Your Spells              Type           Power        Failure   Level  Hunger
a - Beastly Appendage     Tmut           ##....       4%          1    ##.....
q - Spider Form           Tmut/Pois      #.........   30%         3    ####...

Your spell library contained the following spells:

 Spells                   Type           Power        Failure   Level  Hunger
 Sticks to Snakes         Tmut           ##......     6%          2    ###....
 Ice Form                 Ice/Tmut       #.......     69%         4    #####..
 Blade Hands              Tmut           ##........   73%         5    ######.


Dungeon Overview and Level Annotations

Branches:
Dungeon (3/15)

Altars:
Ashenzari
Wu Jian


Message History

Quiver which item? (- for none, * to show all) (? for menu, Esc to quit)
Okay, then.
Unknown command.
Welcome back, Kisielow the Merfolk Transmuter.
Press ? for a list of commands and other information.
(D) Dungeon
Where to? (? - help)
What level of the Dungeon? (default 1, ? - help)
There is a stone staircase leading up, spattered with blood here.
You climb upwards.
There is a stone staircase leading down here.
There is a stone staircase leading up here.
You climb upwards.
There is a stone staircase leading down here.
You see here a whip.
There is an open door here.
Your legs become a tail as you enter the water.
There is a staircase leading out of the dungeon here.
Are you sure you want to leave the Dungeon?
This will make you lose the game!
You have escaped!

#.# #.# #. #.# #.####### #.#
############# #........ #.#
##.#.#.#.#.#.###........ #.#
#.#.#.#.#.#.#.##........
#.########.#.≈≈≈≈≈.#.###........
##.........#.#≈...≈#.#.##........
....####..#.#.≈...≈.#.###........
....# #.#.#.#≈.@.≈#.#...^..#####
....# #.##.#.≈≈≈≈≈.#.#.....#
....# #...#.#.#.#.#.#+.....#####
....####..#.#.#.#.#.#.#.....')...
....##..........#######.....#####
....##.########## #.....# #
....##.# #.....# # ....##.#
#.....##### ..(.##.# #.....#....


There were no monsters in sight!

Vanquished Creatures
  4 adders
  A worm (D:2)
  A leopard gecko (D:2)
  5 orcs (D:3)
  2 giant cockroaches
  6 goblins
  8 hobgoblins
  6 jackals
  A ball python (D:2)
  10 bats
  A frilled lizard (D:2)
  5 kobolds
  7 rats
57 creatures vanquished.

Notes
Turn   | Place    | Note
-------+----------+-------------------------------------------
     0 | D:1      | Kisielow the Merfolk Transmuter began the quest for the
                  | Orb.
     0 | D:1      | Reached XP level 1. HP: 15/15 MP: 3/3
   111 | D:1      | Found a shattered altar of Ashenzari.
   143 | D:1      | Reached XP level 2. HP: 19/21 MP: 5/5
   153 | D:1      | Reached skill level 4 in Unarmed Combat
   847 | D:2      | Reached XP level 3. HP: 25/26 MP: 6/6
  1264 | D:2      | Learned a level 3 spell: Spider Form
  1418 | D:2      | Reached skill level 5 in Unarmed Combat
  1444 | D:2      | Found an ornate altar of the Wu Jian Council.
  1514 | D:2      | Reached XP level 4. HP: 32/32 MP: 7/7
  2286 | D:3      | Upgraded the game from 0.23.2-1-ga50397a6bc to
                  | 0.23.2-30-g0e89c35649
  2286 | D:3      | Upgraded the game from 0.23.2-30-g0e89c35649 to
                  | 0.23.2-40-g277498a001
  2345 | D:$      | Got out of the dungeon alive.

Skill      XL: |  1  2  3  4 |
---------------+-------------+-----
Unarmed Combat | 4 5 |  5.0
Transmutations | 3 4 |  4.5
Fighting       | |  1.1
Dodging        | |  2.6
Spellcasting   | |  2.0

Action                   |  1- 3 |  4- 6 || total
-------------------------+-------+-------++-------
Melee: Unarmed           |   138 |    65 ||   203
       Punch             |     1 |     1 ||     2
 Cast: Spider Form       |       |     2 ||     2
  Use: Potion            |     4 |       ||     4
       Scroll            |       |    10 ||    10
 Stab: Sleeping          |     3 |       ||     3
  Eat: Chunk             |     2 |     3 ||     5
Armor: Robe              |    30 |     8 ||    38
       Skin              |       |     1 ||     1
Dodge: Dodged            |   119 |    54 ||   173
